 Dungeon Crawl Stone Soup version 0.27.0-66-gdc8fb28755 (webtiles) character file.

Game seed: 15998354083849327148

5 Malachi the Caller (level 1, 0/13 HPs)
             Began as a Mummy Summoner on Aug 20, 2021.
             Slain by a jackal (2 damage)
             ... on level 1 of the Dungeon.
             The game lasted 00:00:38 (271 turns).

Malachi the Caller (Mummy Summoner)                  Turns: 271, Time: 00:00:39

Health: 0/13       AC:  2    Str: 11    XL:     1   Next: 66%
Magic:  2/4        EV: 12    Int: 14    God:
Gold:   17         SH:  0    Dex: 12    Spells: 4/5 levels left

rFire    x . .     SeeInvis .   (no weapon)
rCold    + . .     Faith    .   (no shield)
rNeg     + + +     Spirit   .   a - +0 robe
rPois    ∞         Reflect  .   (no helmet)
rElec    .         Harm     .   (no cloak)
rCorr    .         Rampage  .   (no gloves)
Will     .....                  (no boots)
Stlth    ++........             (no amulet)
HPRegen  0.04/turn              (no ring)
MPRegen  0.09/turn              (no ring)

@: no status effects
A: cold resistance 1, negative energy resistance 3, torment resistance 2, heat
vulnerability 1, no potions
a: no special abilities


You were on level 1 of the Dungeon.
You visited 1 branch of the dungeon, and saw 1 of its levels.

You collected 17 gold pieces.

Inventory:

Armour
 a - a +0 robe (worn)
Jewellery
 b - a +6 ring of intelligence


   Skills:
 + Level 1.5 Dodging
 + Level 1.5 Stealth
 + Level 2.9 Spellcasting
 + Level 3.4 Summonings


You had 4 spell levels left.
You knew the following spells:

 Your Spells              Type           Power      Damage    Failure   Level
a - Summon Small Mammal   Summ           44%        N/A       5%          1

Your spell library contained the following spells:

 Spells                   Type           Power      Damage    Failure   Level
 Call Imp                 Summ           11%        N/A       8%          2
 Call Canine Familiar     Summ           11%        N/A       16%         3
 Summon Guardian Golem    Hex/Summ       6%         N/A       32%         3
 Summon Lightning Spire   Summ/Air       6%         N/A       71%         4


Dungeon Overview and Level Annotations

Branches:
Dungeon (1/15)

Altars:


Innate Abilities, Weirdness & Mutations

You are immune to poison.
Your flesh is cold resistant. (rC+)
You are immune to negative energy. (rN+++)
You are immune to unholy pain and torment.
You are vulnerable to heat. (rF-)
You do not drink.


Message History

The jackal moves out of view.
The endoplasm quivers.
Found a robe.
Unknown command.
The jackal closely misses you. The jackal barely misses you.
The jackal bites you but does no damage.
The jackal misses you. The jackal bites you. The jackal barely misses you.
The jackal bites you.
The jackal bites you but does no damage.
The jackal closely misses you. x2
The jackal closely misses you. x2
The jackal closely misses you. The jackal barely misses you.
The jackal bites you. x2
The jackal closely misses you.
The jackal bites you but does no damage.
The jackal bites you but does no damage.
The jackal closely misses you. The jackal barely misses you.
The jackal closely misses you. The jackal barely misses you.
The jackal misses you.
Unknown command.
The jackal barely misses you.
The jackal bites you but does no damage.
Unknown command.
The jackal closely misses you. The jackal barely misses you.
The jackal misses you. The jackal bites you.
Unknown command.
The jackal closely misses you. The jackal barely misses you.
Unknown command.
The jackal bites you. The jackal closely misses you.
The jackal barely misses you.
Unknown command.
The jackal misses you. x2
The jackal stops to sniff the ground.
The jackal misses you. The jackal bites you.
* * * LOW HITPOINT WARNING * * *
The jackal closely misses you.
The jackal bites you but does no damage.
The jackal closely misses you. The jackal bites you.
You die...

##.######..(...#.#
..†.....###..###.#
.........##..###.#
.................#
...........#..#### ###
...........#.## ....
.............# .....
...........r######K.....
...........grhhh@hhB....
.....##.w######h.....
#### #..# [.... #§.#
.... .J....rr....... ...
......w...##### ##
........#..#
.....>.......
..............


You could see a dart slug, 6 jackals, a giant cockroach, a goblin, a kobold and
2 rats.

Vanquished Creatures (collateral kills)
  A dart slug (D:1)
  A giant cockroach (D:1)
  2 hobgoblins (D:1)
  A quokka (D:1)
  A ball python (D:1)
  A rat (D:1)
7 creatures vanquished.

Notes
Turn   | Place    | Note
-------+----------+-------------------------------------------
     0 | D:1      | Malachi the Mummy Summoner began the quest for the Orb.
     0 | D:1      | Reached XP level 1. HP: 13/13 MP: 4/4
   271 | D:1      | Slain by a jackal

Illustrated notes

Levels and vault maps discovered:
D:1:      lordsloth_arrival_two_stooges, layout_rooms,
          shapermc_ecumenical_altar_rom_forum

Action                   || total
-------------------------++-------
 Cast: Summon Small Mamm ||    16
Armor: Robe              ||     9
Dodge: Dodged            ||    41
